Map: Paladino Terminal LE

Players

BIGFLLA - Winner!

  • Race: Protoss Protoss
  • League: Silver
  • Spawn Location: 5:00

WARLEY

  • Race: Terran Terran
  • League: Bronze
  • Spawn Location: 9:00

VOD

Have the link to the VOD?

Description

Time

  • Played on: March 21, 2017, 5:24 a.m.
  • Length: 10:16
Show
View Real Time Build Order
Export as new Build Order

BIGFLLA Protoss - Winner!

Build Orders: Nexus First 

Get SALT Encoding   

  12  0:01  Probe (Chrono Boost)  
  13  0:12  Probe (Chrono Boost)  
  14  0:19  Pylon  
  14  0:24  Probe (Chrono Boost)  
  15  0:37  Probe (Chrono Boost)  
  16  0:57  Nexus  
  16  1:04  Probe (Chrono Boost)  
  17  1:13  Gateway  
  17  1:19  Probe (Chrono Boost)  
  17  1:24  Assimilator  
  18  1:29  Probe (Chrono Boost)  
  20  1:40  Probe (Chrono Boost)  
  20  1:50  Probe (Chrono Boost)  
  21  2:01  Cybernetics Core, Probe (Chrono Boost)  
  22  2:04  Gateway  
  22  2:09  Pylon  
  22  2:14  Probe (Chrono Boost)  
  23  2:23  Probe (Chrono Boost)  
  23  2:24  Probe (Chrono Boost)  
  25  2:34  Probe (Chrono Boost)  
  25  2:35  Probe (Chrono Boost), Forge  
  27  2:38  Twilight Council  
  27  2:45  Probe (Chrono Boost)  
  27  2:47  Assimilator  
  28  2:53  Probe (Chrono Boost)  
  28  2:56  Probe (Chrono Boost)  
  30  3:01  Warp Gate  
  30  3:04  Probe (Chrono Boost)  
  31  3:09  Protoss Ground Weapons Level 1  
  31  3:11  Probe (Chrono Boost)  
  32  3:29  Assimilator  
  32  3:32  Probe (Chrono Boost)  
  32  3:33  Probe (Chrono Boost)  
  36  3:34  Adept x2  
  37  3:46  Probe (Chrono Boost)  
  37  3:47  Probe (Chrono Boost)  
  39  3:50  Assimilator  
  39  3:52  Pylon  
  39  3:56  Probe (Chrono Boost)  
  39  3:58  Resonating Glaives  
  39  3:59  Probe (Chrono Boost)  
  41  4:03  Adept x2  
  45  4:11  Pylon  
  45  4:21  Robotics Facility  
  45  4:30  Adept x2  
  49  4:37  Probe (Chrono Boost)  
  51  4:39  Probe (Chrono Boost)  
  51  4:49  Pylon  
  51  5:08  Immortal, Protoss Ground Weapons Level 2  
  55  5:17  Robotics Bay, Probe (Chrono Boost)  
  55  5:18  Probe (Chrono Boost)  
  57  5:22  Adept x2  
  61  5:34  Probe x2 (Chrono Boost)  
  63  5:50  Pylon  
  63  5:54  Pylon  
  63  5:57  Extended Thermal Lance  
  63  6:01  Gateway  
  63  6:04  Gateway, Immortal  
  67  6:16  Adept x2  
  71  6:42  Colossus  
  71  6:43  Adept  
  71  6:44  Adept  
  81  7:01  Pylon  
  81  7:03  Robotics Facility  
  81  7:13  Nexus  
  81  7:16  Protoss Ground Armor Level 1, Assimilator  
  81  7:19  Assimilator, Mothership Core (Chrono Boost)  
  81  7:20  Pylon  
  83  7:36  Colossus  
  89  7:39  Adept x3  
  89  7:40  Adept  
  81  8:30  Adept x3  
  81  8:31  Adept  
  81  8:33  Immortal x2  
  97  9:06  Stalker x2  
  97  9:07  Stalker x2  
  105  9:12  Colossus x2  
Show
View Real Time Build Order
Export as new Build Order

WARLEY Terran 

Build Orders:  

Get SALT Encoding   

  12  0:12  Supply Depot  
  12  0:14  SCV  
  13  0:26  SCV  
  14  0:30  Refinery  
  14  0:38  SCV  
  15  0:50  SCV  
  16  1:03  SCV, Engineering Bay  
  17  1:15  SCV  
  18  1:27  SCV, Refinery  
  19  1:35  Missile Turret  
  19  1:39  SCV  
  20  1:51  SCV, Barracks  
  21  2:03  Missile Turret  
  21  2:07  Planetary Fortress  
  21  2:28  Missile Turret  
  21  2:43  Marine  
  22  2:54  Factory  
  22  2:58  Supply Depot  
  22  3:01  Marine  
  23  3:19  Marine  
  24  3:28  Supply Depot  
  25  3:45  Barracks Tech Lab  
  24  3:52  Command Center  
  24  3:56  Factory Tech Lab  
  24  4:06  Missile Turret, Marauder  
  26  4:16  Missile Turret  
  26  4:27  Marauder  
  28  4:32  Missile Turret  
  28  4:48  Marauder  
  28  4:49  Armory  
  30  4:56  Siege Tank  
  33  5:11  Orbital Command  
  33  5:20  Refinery  
  33  5:26  SCV  
  33  5:28  Siege Tank  
  37  5:38  SCV  
  38  5:52  SCV  
  39  6:02  Missile Turret  
  39  6:04  SCV  
  40  6:16  SCV  
  41  6:28  SCV  
  42  6:35  Marauder  
  44  6:40  SCV  
  45  6:50  Factory Tech Lab  
  45  6:52  Missile Turret  
  45  6:55  Terran Infantry Weapons Level 1  
  45  6:56  Marauder  
  47  7:11  Siege Tank  
  50  7:18  Marauder  
  52  7:27  SCV  
  53  7:34  Refinery  
  53  7:39  SCV  
  54  7:45  Supply Depot  
  54  7:50  Supply Depot  
  54  8:04  Missile Turret  
  54  8:06  Siege Tank, SCV  
  54  8:07  Marauder  
  60  8:19  SCV  
  55  8:32  Missile Turret  
  45  8:57  Thor  
  51  9:13  Orbital Command  
  51  9:22  Missile Turret  
Tags
 
Matchup
PvT
Replay Pack
3.21
Spawn Locations
Cross Positions
Add a new tag
Caveats
  • Supply blocks, unpowered buildings, or Contaminate may cause inaccurate times.
  • Supply counts are checked every 10 seconds.